 Dungeon Crawl Stone Soup version 0.28-a0-1152-g9c71ebef14 (webtiles) character file.

Game seed: 6869005062772388189

2463 spaghetti the Covert (level 9, -2/79 HPs)
             Began as a Deep Dwarf Delver on Dec 14, 2021.
             Was a Believer of Makhleb.
             Slain by a boulder beetle (46 damage)
             ... on level 6 of the Dungeon.
             The game lasted 00:19:49 (5584 turns).

spaghetti the Covert (Deep Dwarf Delver)            Turns: 5584, Time: 00:19:49

Health: -2/79      AC: 12    Str: 25    XL:     9   Next: 26%
Magic:  11/11      EV: 11    Int: 12    God:    Makhleb [**....]
Gold:   104        SH:  0    Dex: 14    Spells: 7/8 levels left

rFire   . . .      SeeInvis .   a - +0 falchion (vorpal) {long}
rCold   . . .      Faith    .   (no shield)
rNeg    . . .      Spirit   .   w - +0 swamp dragon scales
rPois   +          Reflect  .   B - +0 helmet
rElec   .          Harm     .   q - +2 cloak
rCorr   .          Rampage  .   z - +0 pair of gloves
Will    +....                   (no boots)
Stlth   +++.......              n - amulet of magic regeneration {@e2}
HPRegen 0.00/turn               A - ring of wizardry
MPRegen 0.52/turn               y - +6 ring of strength

@: no status effects
A: damage resistance, heal wounds, sense surroundings 2, no regeneration
a: Heal Wounds, Renounce Religion, Minor Destruction


You were on level 6 of the Dungeon.
You worshipped Makhleb.
Makhleb was pleased with you.
You visited 2 branches of the dungeon, and saw 7 of its levels.

You collected 250 gold pieces.
You spent 146 gold pieces at shops.


Innate Abilities, Weirdness & Mutations

You are resistant to damage.
You can heal yourself by infusing magical energy.
You passively map the area around you.
You do not regenerate.


   Skills:
 + Level 4.6 Fighting
 + Level 1.2(2.9) Short Blades
 + Level 4.5(4.6) Long Blades
 + Level 6.3 Throwing
 - Level 2.1 Dodging
 - Level 9.0 Stealth
 + Level 8.5 Invocations


You had 7 spell levels left.
You knew the following spells:

 Your Spells              Type           Power      Damage    Failure   Level
a - Summon Small Mammal   Summ           0%         N/A       21%         1

Your spell library contained the following spells:

 Spells                   Type           Power      Damage    Failure   Level
 Sting                    Tmut/Pois      0%         1d3       21%         1
 Poisonous Vapours        Pois/Air       0%         N/A       30%         2
 Sublimation of Blood     Necr           0%         N/A       30%         2
 Wereblood                Tmut           0%         N/A       30%         2
 Call Canine Familiar     Summ           0%         N/A       50%         3
 Ozocubu's Armour         Ice            0%         N/A       50%         3
 Summon Guardian Golem    Hex/Summ       0%         N/A       50%         3
 Animate Dead             Necr           0%         N/A       87%         4
 Olgreb's Toxic Radiance  Pois           0%         N/A       87%         4
 Metabolic Englaciation   Hex/Ice        0%         N/A       99%         5
 Simulacrum               Ice/Necr       0%         N/A       100%        6
 Haunt                    Necr/Summ      0%         N/A       100%        7
 Summon Hydra             Summ           0%         N/A       100%        7
 Infestation              Necr           0%         N/A       100%        8

Inventory:

Hand Weapons
 a - a +0 vorpal falchion (weapon) {long}
 s - a +0 club {mace}
   (You took it off a gnoll on level 2 of the Dungeon)
Missiles
 h - 54 sling bullets
 i - 67 stones (quivered) {throwing}
 j - 66 arrows
 p - 115 bolts
 u - 2 javelins {throwing}
Armour
 b - a +0 leather armour
 k - a +0 helmet
   (You found it on level 1 of the Dungeon)
 q - a +2 cloak (worn)
   (You found it on level 3 of the Dungeon)
 w - +0 swamp dragon scales (worn)
   (You took it off Maggie on level 6 of the Dungeon)
 z - a +0 pair of gloves (worn)
   (You found it on level 6 of the Dungeon)
 B - a +0 helmet (worn)
   (You found it on level 6 of the Dungeon)
Magical Staves
 f - a staff of air {!astaff}
   (You found it on level 6 of the Dungeon)
 m - a staff of poison {!astaff}
   (You found it on level 1 of the Dungeon)
Jewellery
 l - a ring of protection from cold
   (You found it on level 1 of the Dungeon)
 n - an amulet of magic regeneration (around neck) {@e2}
   (You found it on level 1 of the Dungeon)
 v - a ring of fire
   (You found it on level 5 of the Dungeon)
 y - a +6 ring of strength (right hand)
   (You found it on level 6 of the Dungeon)
 A - a ring of wizardry (left hand)
   (You found it on level 6 of the Dungeon)
Wands
 g - a wand of digging (12)
Scrolls
 c - 2 scrolls of fog
 d - a scroll of magic mapping {!r}
 r - a scroll of enchant weapon
 t - 3 scrolls of identify {@r1}
Potions
 e - a potion of brilliance
 o - a potion of flight

Dungeon Overview and Level Annotations

Branches:
Dungeon (6/15)             Temple (1/1) D:4

Altars:
Ashenzari
Cheibriados
Dithmenos
Elyvilon
Fedhas
Hepliaklqana
Kikubaaqudgha
Makhleb
Nemelex Xobeh
Okawaru
Ru
Sif Muna
Trog
Uskayaw
Vehumet
Wu Jian
Xom
Zin
The Shining One

Shops:
D:3 [[?*   D:5 =

Annotations:
D:2 Terence
D:6 5 runed translucent doors, exclusion: door, Creed's ghost, novice MiFi

#...##.......#.###..#########.#..
#†..##.......#.# #..#......##.#..
#...'..........# #..##.###.##.#..
#...#####....#####..r......##.#.#
#.##### #........#+###.###.##.#.#
......# #...####...°°....#.##...#
......# ##### #..○.#....########
......# #.Br.#....# .†....#
#@####.#######* #.##### ######b#
#.+FWSS$≈ #.##### #......#
#.####### ......# #....### #..##
......#####....# #### ####
......##.......# #.))
#####.##.####### #.#. #...#.##.#
#)#. #...#.##.# #.#.


You could see a boulder beetle (rolling, ally target), a friendly bat (summoned)
and a friendly rat (summoned).


Message History

😱 MP[+1]
You hit the boulder beetle but do no damage.
The boulder beetle barely misses you.
Your rat bites the boulder beetle but does no damage.
Your rat barely misses the boulder beetle.
You feel much better. The boulder beetle bites you!
* * * LOW HITPOINT WARNING * * *
Your rat bites the boulder beetle but does no damage. x2 😨 HP[+7] MP[+1]
You regained 7 hp, and now have 20/79 hp.
Your mp is fully restored (11).
You strike the helpless boulder beetle from behind!
You hit the boulder beetle but do no damage.
The boulder beetle leaps!
You feel much better. 😮 HP[+24]
You regained 24 hp, and now have 44/79 hp.
Unknown command.
A boulder beetle is nearby!
What are your orders? t - Shout!
Orders for allies: a - Attack new target. p - Attack previous target. r - Retreat! s - Stop attacking. g - Guard the area. f - Follow me.
Anything else - Cancel.
Gang up on whom?
Press: ? - help, Dir - move target, f/p - boulder beetle
Aim: a boulder beetle (almost dead, ally target) Attack!
The boulder beetle curls into a ball and begins rolling!
The boulder beetle closely misses your rat.
The boulder beetle stops rolling and uncurls.
Your rat barely misses the boulder beetle.
The boulder beetle bites your rat but does no damage.
Your rat bites the boulder beetle.
Your rat bites the boulder beetle but does no damage.
The boulder beetle bites your rat!
Your rat dies!
Your rat's corpse disappears in a puff of smoke!
Your rat bites the boulder beetle but does no damage.
Your magical contamination has completely faded away.
Casting: Summon Small Mammal (safe; 21% risk of failure)
Confirm with . or Enter, or press ? or * to list all spells.
The boulder beetle leaps! 😮 MP[-1]
You lost 1 mp, and now have 10/11 mp.
You swap places.
You see here 2 stones {throwing}. 😮 MP[+1]
Your mp is fully restored (11).
Throw: 66 stones {throwing}
Press: ? - help, Q - select action, (/) - cycle Shift-Dir - straight line, f/p - boulder beetle
Aim: a boulder beetle (almost dead, ally target, 90% to hit)
You throw a stone {throwing}.
The stone {throwing} hits the boulder beetle.
The boulder beetle leaps!
i - 67 stones {throwing} (gained 2)
i - 68 stones {throwing} (gained 1)
The bullfrog gives a loud, deep croak!
The adder hisses angrily.
You hear an angry hiss.
The adder hisses angrily.
You swap places.
A boulder beetle is nearby!
A boulder beetle is nearby!
Your bat hits the boulder beetle but does no damage.
The boulder beetle curls into a ball and begins rolling!
Your bat hits the boulder beetle but does no damage.
The boulder beetle completely misses your bat.
The boulder beetle stops rolling and uncurls.
A boulder beetle is nearby!
Your bat hits the boulder beetle but does no damage.
The boulder beetle bites your bat!
Your bat dies!
Your bat's corpse disappears in a puff of smoke!
A boulder beetle is nearby!
Throw: 68 stones {throwing}
Press: ? - help, Q - select action, (/) - cycle Shift-Dir - straight line, f/p - boulder beetle
Aim: a boulder beetle (severely wounded, 90% to hit)
You throw a stone {throwing}.
The stone {throwing} hits the boulder beetle but does no damage.
Casting: Summon Small Mammal (safe; 21% risk of failure)
Confirm with . or Enter, or press ? or * to list all spells.
The boulder beetle curls into a ball and begins rolling!
Casting: Summon Small Mammal (safe; 21% risk of failure)
Confirm with . or Enter, or press ? or * to list all spells.
Your rat barely misses the boulder beetle. 😮 MP[-1]
You lost 1 mp, and now have 10/11 mp.
What are your orders? t - Shout!
Orders for allies: a - Attack new target. p - Attack previous target. r - Retreat! s - Stop attacking. g - Guard the area. f - Follow me.
Anything else - Cancel.
Gang up on whom?
Press: ? - help, Dir - move target, f/p - boulder beetle
Aim: a boulder beetle (severely wounded, rolling, ally target) Attack!
The boulder beetle hits you!!!
Ouch! That really hurt!
You die...

Skill      XL: |  1  2  3  4  5  6  7  8  9 |
---------------+----------------------------+-----
Stealth        | 7 8 9 |  9.0
Throwing       | 3 5 6 |  6.3
Invocations    | 3 4 6 8 |  8.5
Fighting       | 4 |  4.6
Long Blades    | 4 |  4.5
Short Blades   | 1 |  1.2
Dodging        | |  2.1

Action                   |  1- 3 |  4- 6 |  7- 9 || total
-------------------------+-------+-------+-------++-------
Melee: Falchion          |    49 |   194 |   261 ||   504
       Unarmed           |       |       |    12 ||    12
Throw: Dart              |       |     2 |       ||     2
       Stone             |       |    45 |    39 ||    84
 Cast: Summon Small Mamm |       |       |    10 ||    10
 Abil: Heal Wounds       |     3 |     7 |    16 ||    26
Evoke: Wand              |       |       |     6 ||     6
  Use: Scroll            |     3 |     3 |     5 ||    11
       Potion            |     1 |     3 |     5 ||     9
 Stab: Sleeping          |     1 |    14 |     9 ||    24
       Distracted        |       |       |     1 ||     1
Armor: Leather armour    |    13 |    38 |    68 ||   119
       Swamp dragon scal |       |       |    56 ||    56
Dodge: Dodged            |    44 |   112 |   172 ||   328

Levels and vault maps discovered:
D:1:      dpeg_arrival_rooms_c, layout_loops_corners
D:2:      layout_basic, hellmonk_ecumenical_altar_arch_garden, uniq_terence
D:3:      layout_rooms, serial_corexii_hall, corexii_hall_statues_t,
          corexii_hall_statues_x, serial_shops, shop, nicolae_lakefront_shop,
          shop, nicolae_shop_advertising_works [nicolae_subvault_shop_adworks],
          uniq_grinder, uniq_sigmund
D:4:      layout_rooms, minmay_temple_entry_junction_2,
          kennysheep_cluttered_room, ebering_dispersal_statue_hall,
          minivault_26, uniq_crazy_yiuf_cottage
D:5:      layout_rooms, lemuel_doored_altar, minmay_shop_enchanted_jewellery
D:6:      layout_basic, ebering_ghost_sewer_d, chequers_serial_rivers_large_a,
          minmay_hollow_rounded_squares, uniq_maggie, uniq_prince_ribbit1
Temple:   nicolae_temple_no_exploring_needed

Notes
Turn   | Place    | Note
-------+----------+-------------------------------------------
     0 | D:5      | spaghetti the Deep Dwarf Delver began the quest for the
                  | Orb.
     0 | D:5      | Reached XP level 1. HP: 20/20 MP: 1/1
     0 | D:5      | magus.rc [v1.9.6]
    34 | D:5      | Noticed an iguana
    50 | D:5      | Killed an iguana
    51 | D:5      | Reached skill level 7 in Stealth
    51 | D:5      | Reached XP level 2. HP: 17/27 MP: 2/2
   144 | D:5      | Noticed a phantom
   154 | D:5      | Noticed a necrophage
   156 | D:5      | Noticed a black bear
   180 | D:4      | Reached XP level 3. HP: 31/33 MP: 3/3
   205 | D:4      | You pick up a book of Death and begin reading...
   205 | D:4      | You add the spells Animate Dead, Haunt and Infestation to
                  | your library.
   260 | D:4      | Found a staircase to the Ecumenical Temple.
   261 | D:4      | Noticed an ogre
   272 | Temple   | Entered the Ecumenical Temple
   283 | Temple   | Became a worshipper of Makhleb the Destroyer
   303 | D:4      | Reached skill level 8 in Stealth
   303 | D:4      | Reached XP level 4. HP: 36/40 MP: 4/4
   478 | D:2      | You pick up a book of Winter and begin reading...
   478 | D:2      | You add the spells Ozocubu's Armour, Metabolic Englaciation
                  | and Simulacrum to your library.
   987 | D:1      | Reached XP level 5. HP: 24/46 MP: 5/5
  1712 | D:2      | Noticed Terence
  1727 | D:2      | Reached skill level 9 in Stealth
  1731 | D:2      | HP: 10/46 [gnoll (2)]
  1736 | D:2      | Reached skill level 1 in Throwing
  1988 | D:3      | Found Vextular's Armour Shoppe.
  2047 | D:3      | Found Tonea's Armour Emporium.
  2081 | D:3      | Found Siurhih's Magic Scroll Emporium.
  2089 | D:3      | Bought a scroll of enchant weapon for 90 gold pieces
  2128 | D:3      | Reached * piety under Makhleb
  2312 | D:3      | Reached skill level 2 in Throwing
  2339 | D:3      | You pick up a book of Blood and begin reading...
  2339 | D:3      | You add the spells Sublimation of Blood, Wereblood and
                  | Summon Hydra to your library.
  2344 | D:3      | Found Ebinarios's General Store.
  2344 | D:3      | Noticed Grinder
  2397 | D:3      | Killed Grinder
  2398 | D:3      | Reached skill level 3 in Throwing
  2398 | D:3      | Reached skill level 3 in Invocations
  2398 | D:3      | Reached XP level 6. HP: 22/55 MP: 5/8
  2653 | D:3      | Noticed Sigmund
  3376 | D:3      | Killed Sigmund
  3377 | D:3      | Reached skill level 4 in Invocations
  3377 | D:3      | Reached XP level 7. HP: 31/61 MP: 7/9
  3577 | D:3      | Bought a scroll of identify for 28 gold pieces
  3577 | D:3      | Bought a scroll of identify for 28 gold pieces
  3615 | D:4      | HP: 11/61 [ogre (20)]
  3656 | D:5      | Reached skill level 4 in Throwing
  3656 | D:5      | Reached skill level 5 in Invocations
  3695 | D:5      | Reached skill level 6 in Invocations
  3786 | D:5      | HP: 13/61 [iguana (10)]
  3787 | D:5      | HP: 4/61 [iguana (9)]
  3792 | D:5      | HP: 8/61 [iguana (10)]
  3798 | D:5      | HP: 15/61 [iguana (6)]
  3831 | D:5      | You pick up a book of Callings and begin reading...
  3831 | D:5      | You add the spells Summon Small Mammal, Call Canine
                  | Familiar and Summon Guardian Golem to your library.
  3853 | D:5      | Found a shadowy altar of Dithmenos.
  3899 | D:5      | Reached skill level 5 in Throwing
  4085 | D:6      | Reached XP level 8. HP: 34/68 MP: 10/10
  4102 | D:6      | Found a large runed translucent door.
  4102 | D:6      | Found a large runed translucent door.
  4261 | D:6      | Reached skill level 3 in Fighting
  4405 | D:6      | Noticed Prince Ribbit
  4426 | D:6      | HP: 13/69 [Prince Ribbit (9)]
  4433 | D:6      | HP: 10/69 [Prince Ribbit (8)]
  4438 | D:6      | Killed Prince Ribbit
  4439 | D:6      | Reached skill level 7 in Invocations
  4588 | D:6      | Found a runed translucent door.
  4632 | D:6      | Noticed Maggie
  4650 | D:6      | Killed Maggie
  4651 | D:6      | Reached skill level 3 in Long Blades
  4704 | D:6      | Reached skill level 4 in Fighting
  4879 | D:6      | Reached skill level 8 in Invocations
  4903 | D:6      | Reached skill level 6 in Throwing
  4924 | D:6      | Found a large runed translucent door.
  4925 | D:6      | Found a large runed translucent door.
  4947 | D:6      | Reached skill level 4 in Long Blades
  4947 | D:6      | Gained mutation: You passively map the area around you.
                  | [Deep Dwarf growth]
  4947 | D:6      | Reached XP level 9. HP: 40/78 MP: 12/12
  4953 | D:6      | Noticed a boulder beetle
  5069 | D:6      | You add the spells Sting, Poisonous Vapours and Olgreb's
                  | Toxic Radiance to your library.
  5086 | D:6      | Learned a level 1 spell: Summon Small Mammal
  5182 | D:6      | Reached ** piety under Makhleb
  5211 | D:6      | Reached skill level 1 in Short Blades
  5512 | D:6      | HP: 3/79 [boulder beetle (37)]
  5543 | D:6      | HP: 13/79 [boulder beetle (8)]
  5569 | D:6      | Noticed Creed's ghost (novice MiFi)
  5584 | D:6      | Slain by a boulder beetle

Vanquished Creatures
  Maggie (D:6)
  Grinder (D:3)
  Prince Ribbit (D:6)
  Sigmund (D:3)
  3 black bears
  2 necrophages
  A sky beast (D:6)
  A centaur (D:6)
  2 phantoms
  A bullfrog (D:6)
  A scorpion (D:5)
  A water moccasin zombie (D:6)
  A water moccasin skeleton (D:6)
  5 hounds
  A bullfrog skeleton (D:6)
  A jelly (D:6)
  A gnoll shaman (D:6)
  3 orc priests
  A centaur skeleton (D:6)
  A scorpion zombie (D:5)
  2 iguanas (D:5)
  2 orc wizards
  3 gnolls (D:2)
  6 adders
  A howler monkey skeleton (D:6)
  An ufetubus (D:6)
  2 worms
  2 dart slugs
  12 orcs
  2 ball pythons
  A bat (D:3)
  3 endoplasms
  6 giant cockroaches
  5 goblins
  4 hobgoblins
  2 quokkas
  4 frilled lizards
  8 kobolds
  6 rats
102 creatures vanquished.

Table legend:
 A = Non-vault XP
 B = Vault XP
 C = Vault XP percentage of total XP
 D = Non-vault monster count
 E = Vault monster count
 F = Vault count percentage of total count
                 A         B        C        D         E       F
            +---------+---------+-------+---------+---------+-------
      Total |    1597 |    1922 |  54.6 |      88 |      14 |  13.7
            +---------+---------+-------+---------+---------+-------
        D:1 |      32 |       0 |   0.0 |      19 |       0 |   0.0
        D:2 |     157 |       0 |   0.0 |      17 |       0 |   0.0
        D:3 |      40 |     504 |  92.6 |      16 |       2 |  11.1
        D:4 |     102 |       0 |   0.0 |      10 |       0 |   0.0
        D:5 |     590 |       0 |   0.0 |      11 |       0 |   0.0
        D:6 |     676 |    1418 |  67.7 |      15 |      12 |  44.4
            +---------+---------+-------+---------+---------+-------

Illustrated notes

Table legend:
 A = Kills in this place as a percentage of kills in entire the game.
 B = Kills by you in this place as a percentage of kills by you in the entire game.
 C = Kills by friends in this place as a percentage of kills by friends in the entire game.
 D = Other kills in this place as a percentage of other kills in the entire game.
 E = Experience gained in this place as a percentage of experience gained in the entire game.
 F = Experience gained in this place divided by the number of levels of this place that you have seen.
                   A       B       C       D       E      F
               +-------+-------+-------+-------+-------+----------------------
         Total | 100.0 | 100.0 |   N/A |   N/A | 100.0 | 502.7
       Dungeon | 100.0 | 100.0 |   N/A |   N/A | 100.0 | 586.5
               +-------+-------+-------+-------+-------+----------------------

Table legend: (Time is in decaauts)
 A = Elapsed time spent in this place.
 B = Non-inter-level travel time spent in this place.
 C = Inter-level travel time spent in this place.
 D = Time resting spent in this place.
 E = Time spent auto-exploring this place.
 F = Levels seen in this place.
 G = Mean time per level.
                   A        B        C        D        E       F      G
               +--------+--------+--------+--------+--------+-----+--------+
         Total |   5651 |   5570 |     81 |   1052 |   2925 |   7 |  807.3 |
       Dungeon |   5631 |   5558 |     73 |   1052 |   2925 |   6 |  938.5 |
        Temple |     19 |     11 |      8 |      0 |      0 |   1 |   19.0 |
               +--------+--------+--------+--------+--------+-----+--------+

Top non-repeatable levels by time:
     D:6: 1534 daAuts
     D:3: 1452 daAuts
     D:2: 889 daAuts
     D:1: 859 daAuts
     D:5: 594 daAuts
     D:4: 300 daAuts
  Temple: 19 daAuts
